 Dungeon Crawl Stone Soup version 0.23-a0-650-ga4d50d4 (console) character file.

94638 Duffy the Prestidigitator (level 15, 93/93 HPs)
             Began as a Deep Elf Summoner on Jan 3, 2019.
             Was a High Priest of Sif Muna.
             Quit the game on level 4 of the Snake Pit.
             The game lasted 01:34:26 (38228 turns).

Duffy the Prestidigitator (Deep Elf Summoner)      Turns: 38228, Time: 01:34:26

Health: 93/93      AC: 16    Str:  8    XL:     15   Next: 64%
Magic:  33/33      EV: 38    Int: 27    God:    Sif Muna [*****.]
Gold:   429        SH:  5    Dex: 15    Spells: 1/38 levels left

rFire    . . .     SeeInvis .   K - staff of energy {!a}
rCold    . . .     Gourm    .   R - +0 buckler
rNeg     . . .     Faith    .   M - +2 robe {Archmagi}
rPois    .         Spirit   .   s - +2 helmet
rElec    .         Reflect  .   J - +2 cloak
rCorr    .         Harm     .   Q - +2 pair of gloves {Str+3}
MR       ++...                  H - +2 pair of boots {run}
Stlth    ++........             Z - amulet of the acrobat
HPRegen  0.25/turn              E - +3 ring of evasion
MPRegen  0.23/turn              f - ring of protection from magic

@: acrobat, divine energy, quick
A: no striking features
a: Stop Divine Energy, Channel Magic, Forget Spell, Renounce Religion


You were on level 4 of the Snake Pit.
You worshipped Sif Muna.
Sif Muna was extremely pleased with you.
You were not hungry.

You visited 4 branches of the dungeon, and saw 27 of its levels.
You also visited: Bailey and Gauntlet.

You collected 3912 gold pieces.
You spent 3483 gold pieces at shops.

Inventory:

Hand Weapons
 e - a +8 blowgun
 q - the +9 trident "Uhing" {drain, rElec rC+}
   (You found it on level 4 of the Dungeon)

   A truly terrible weapon, it drains the life of those it strikes.
   It protects you from cold.
   It insulates you from electricity.
 V - a +1 trident of distortion
Missiles
 N - 7 curare-tipped needles
Armour
 s - a +2 helmet (worn)
 H - a +2 pair of boots of running (worn)
 J - a +2 cloak (worn)
 M - a +2 robe of the Archmagi (worn)
 Q - a +2 pair of gloves of strength (worn)
 R - a +0 buckler (worn)
Magical Staves
 D - an uncursed staff of earth {!a}
 K - an uncursed staff of energy (weapon) {!a}
Jewellery
 a - an uncursed ring of protection from fire
 f - a ring of protection from magic (right hand)
 v - an uncursed amulet of magic regeneration
 x - an uncursed ring of see invisible
 E - a +3 ring of evasion (left hand)
 W - an uncursed ring of protection from cold
 Z - an amulet of the acrobat (around neck)
Wands
 j - a wand of acid (32)
 t - a wand of iceblast (24)
 w - a wand of flame (51)
 A - a wand of enslavement (5)
 I - a wand of polymorph (24)
 T - a wand of digging (4)
Scrolls
 h - 4 scrolls of magic mapping
 i - 7 scrolls of fog
 p - 7 scrolls of remove curse
 y - 5 scrolls of blinking
 B - 4 scrolls of teleportation
 C - 3 scrolls of immolation
 F - 3 scrolls of summoning
 G - 6 scrolls of identify
 L - 3 scrolls of vulnerability
 X - a scroll of amnesia
 Y - 3 scrolls of enchant armour
Potions
 b - 5 potions of agility
 d - 8 potions of curing
 g - 6 potions of heal wounds
 k - a potion of mutation
 l - 11 potions of flight
 m - 2 potions of resistance
 n - 5 potions of brilliance
 o - 2 potions of magic
 r - 2 potions of cancellation
 u - 4 potions of haste
 z - 3 potions of ambrosia
 S - 3 potions of lignification
 U - 3 potions of invisibility
Miscellaneous
 O - a sack of spiders
Comestibles
 c - 33 rations
 P - 4 chunks of flesh


   Skills:
 + Level 10.4 Fighting
 - Level 11.0 Dodging
 - Level 2.4 Stealth
 - Level 4.0 Shields
 - Level 12.0 Spellcasting
 - Level 5.0 Hexes
 + Level 4.3 Charms
 + Level 13.2 Summonings
 - Level 8.0 Necromancy
 - Level 3.1 Translocations
 - Level 3.0 Ice Magic
 + Level 4.4 Air Magic
 - Level 8.0 Earth Magic
 - Level 10.0 Invocations
 - Level 14.2 Evocations


You had one spell level left.
You knew the following spells:

 Your Spells              Type           Power        Failure   Level  Hunger
a - Apportation           Tloc           ######       1%          1    None
e - Passwall              Tmut/Erth      ######..     1%          2    None
h - Monstrous Menagerie   Summ           #######...   13%         7    None
j - Summon Ice Beast      Ice/Summ       ######..     1%          4    None
k - Borgnjor's Vile Clut  Necr/Erth      ######....   3%          5    None
l - Summon Lightning Spi  Summ/Air       #######.     1%          4    None
m - Deflect Missiles      Chrm/Air       ######....   65%         6    None
n - Summon Mana Viper     Hex/Summ       #######.     2%          5    None
y - Regeneration          Chrm/Necr      ######....   1%          3    None

Your spell library contained the following spells:

 Spells                   Type           Power        Failure   Level  Hunger
 Summon Small Mammal      Summ           ####         0%          1    None
 Animate Skeleton         Necr           N/A          1%          1    None
 Confusing Touch          Hex            ######       1%          1    None
 Sandblast                Erth           ######       1%          1    None
 Beastly Appendage        Tmut           ###...       3%          1    None
 Sting                    Conj/Pois      ###.         3%          1    None
 Call Imp                 Summ           #######.     1%          2    None
 Ensorcelled Hibernation  Hex/Ice        ######       1%          2    None
 Swiftness                Chrm/Air       ######..     1%          2    None
 Call Canine Familiar     Summ           #######.     1%          3    None
 Portal Projectile        Hex/Tloc       ######       1%          3    None
 Stone Arrow              Conj/Erth      ######       1%          3    None
 Summon Guardian Golem    Hex/Summ       #######.     1%          3    None
 Vampiric Draining        Necr           ######....   1%          3    None
 Poisonous Vapours        Pois/Air       #####.       2%          2    None
 Dispel Undead            Necr           ######..     3%          5    None
 Lee's Rapid Deconstruct  Erth           ######....   3%          5    None
 Summon Forest            Summ/Tloc      ######....   3%          5    None
 Cause Fear               Hex            ######....   4%          4    None
 Sticks to Snakes         Tmut           ###.....     5%          2    None
 Mephitic Cloud           Conj/Pois/Air  #####...     6%          3    None
 Petrify                  Tmut/Erth      ######..     7%          4    None
 Excruciating Wounds      Chrm/Necr      ######....   8%          5    None
 Conjure Flame            Conj/Fire      ###.....     11%         3    None
 Spider Form              Tmut/Pois      ###.......   11%         3    None
 Summon Greater Demon     Summ           #######...   13%         7    None
 Ice Form                 Ice/Tmut       #####...     19%         4    None
 Bolt of Magma            Conj/Fire/Erth #####.....   32%         5    None
 Olgreb's Toxic Radiance  Pois           ###.....     34%         4    None
 Sticky Flame             Conj/Fire      ###.....     34%         4    None
 Yara's Violent Unravell  Hex/Tmut       #####.....   34%         5    None
 Lightning Bolt           Conj/Air       #####.....   36%         5    None
 Simulacrum               Ice/Necr       ######....   50%         6    None
 Invisibility             Hex            ######..     54%         6    None
 Blade Hands              Tmut           ###.......   67%         5    None
 Fireball                 Conj/Fire      ###.......   67%         5    None
 Venom Bolt               Conj/Pois      ###.......   67%         5    None
 Malign Gateway           Summ/Tloc      ######....   69%         7    None
 Summon Horrible Things   Summ           #######...   69%         8    None
 Infestation              Necr           ######....   100%        8    None


Dungeon Overview and Level Annotations

Branches:
Dungeon (15/15)            Temple (0/1) D:4            Lair (6/6) D:9
  Swamp (0/4) Lair:2        Snake (4/4) Lair:4        Slime (0/5) Lair:6
    Orc (2/2) D:9             Elf (0/3) Orc:2        Vaults (0/5) D:14
 Depths (0/5) D:15

Altars:
Ashenzari
Nemelex Xobeh
Sif Muna
Zin
The Shining One

Shops:
D:10 *   D:14 =   Orc:1 :   Orc:2 [%?}   Snake:1 :?}*(

Annotations:
D:10 exclusion: hell hound
Lair:5 2 transporters, Baiput's ghost, journeyman GrFi
Snake:1 Frances


Message History

Found a scroll of random uselessness.
Things that are here:
a +0 club; a +0 robe You see here a bolt.
Items here: ( )) [ a +0 arbalest; a +1 trident of distortion; 11 bolts; a +0 robe
Found 11 poisoned needles.
You now have enough gold to buy a phantom mirror on Snake:1.
You can access your shopping list by pressing '$'.
You now have 429 gold pieces (gained 19).
Items here: ( )) [ a +0 arbalest; a +1 trident of distortion; 11 bolts; a +0 robe
V - a +1 trident of distortion You see here a bolt.
You see here an anaconda skeleton.
Save game and exit?
Welcome back, Duffy the Deep Elf Summoner.
Sif Muna whispers: I know many secrets...
Press ? for a list of commands and other information.
Are you sure you want to abandon this character and quit the game? (Confirm

##....(....#
##........##
##..........+
#...........#
##.^....[....#
#.......(....#
#............#
####...%....##
#....@...#
#....<...#
#..........#
#.............
##.....#......
#........###.
######...#
####


There were no monsters in sight!

Vanquished Creatures
  A minotaur (Gauntlet)
  4 vault guards (D:14)
  An ice dragon (D:14)
  A catoblepas (Lair:6)
  3 anacondas (Snake:3)
  2 two-headed ogres (Orc:2)
  A centaur warrior (D:13)
  An ogre mage (Orc:2)
  A tengu warrior (D:14)
  4 death yaks (Lair:6)
  A shock serpent (Snake:3)
  A thrashing horror (Gauntlet)
  2 naga sharpshooters (Snake:1)
  An unseen horror (D:13)
  A deep troll (Orc:2)
  A naga ritualist (Snake:1)
  A wizard (D:15)
  A lindwurm (Lair:6)
  2 orc sorcerers
  An orc knight (Orc:1)
  3 mana vipers
  An ugly thing (D:14)
  5 cyclopes
  A salamander (Snake:3)
  2 elephants (Lair:6)
  4 black mambas
  A guardian serpent (Snake:2)
  A naga mage (Snake:1)
  6 spiny frogs
  2 centaur skeletons
  A komodo dragon (Lair:6)
  A kobold demonologist (D:12)
  A queen bee (D:9)
  5 trolls
  3 blink frogs (Lair:1)
  2 hippogriffs
  A wraith (D:14)
  A wyvern (D:14)
  2 hogs (Lair:6)
  A vampire (D:11)
  A hungry ghost (D:14)
  21 yaks
  A basilisk (D:14)
  2 vampire mosquitoes (D:12)
  5 nagas
  5 wargs
  2 small abominations (Gauntlet)
  A soldier ant (D:14)
  7 water moccasins
  3 porcupines
  A hornet zombie (D:9)
  3 ice beasts
  6 orc warriors
  3 phantoms
  A sky beast (D:6)
  A black bear (Lair:6)
  An eye of draining (D:13)
  9 ogres
  A necrophage (D:14)
  9 wolves
  5 centaurs
  3 crocodiles
  A big kobold (D:11)
  7 bullfrogs
  A gnoll sergeant (D:10)
  A wyvern skeleton (D:8)
  9 killer bees (D:9)
  A scorpion (D:14)
  A wight (D:13)
  2 crimson imps
  4 howler monkeys
  2 jellies (Lair:6)
  A quasit (D:8)
  2 hounds
  3 orc priests
  9 orc wizards
  2 bullfrog skeletons (D:10)
  2 iguanas
  7 worker ants
  A howler monkey skeleton (D:6)
  6 adders
  7 gnolls
  4 shadow imps
  An ooze (D:5)
  An adder skeleton (D:8)
  A worm (D:6)
  35 orcs
  2 goblins
  7 jackals
  2 quokkas
  19 kobolds
  A bush (Lair:6)
  A fungus (Lair:6)
309 creatures vanquished.

Vanquished Creatures (collateral kills)
  Asterion (Snake:1)
  Kirke (Lair:6)
  4 nagarajas
  Nessos (Orc:2)
  2 slime creatures (D:13)
  A green death (Gauntlet)
  A fire dragon (D:14)
  An ice dragon (D:14)
  An ogre mage (Orc:2)
  5 naga warriors
  6 hydras
  A centaur warrior (D:13)
  A catoblepas (Lair:4)
  4 anacondas
  7 two-headed ogres
  A deep troll shaman (Lair:6)
  A death yak (Lair:6)
  2 tengu warriors (D:13)
  5 naga sharpshooters
  6 shock serpents
  A salamander mystic (Snake:3)
  A skeletal warrior (D:14)
  4 naga ritualists
  2 unseen horrors
  A deep troll (Orc:2)
  An orc knight (Bailey)
  7 ugly things
  4 mana vipers
  4 oklob plants (Lair:6)
  10 salamanders
  An orc sorcerer (Orc:2)
  4 cyclopes
  A wolf spider (D:13)
  2 manticores
  An elephant (Lair:6)
  3 guardian serpents
  Joseph (D:7)
  22 black mambas
  7 naga magi
  A molten gargoyle (D:15)
  8 spiny frogs
  5 komodo dragons
  A rime drake (Lair:6)
  An efreet (D:15)
  A komodo dragon (shapeshifter) (D:13)
  A queen bee (D:9)
  9 trolls
  9 hippogriffs
  5 blink frogs
  2 water elementals
  2 shadows
  17 yaks
  2 wyverns
  A fire elemental (D:15)
  4 basilisks
  Eustachio (D:5)
  A hungry ghost (D:9)
  4 hogs (Lair:6)
  2 vampire mosquitoes (D:12)
  Menkaure (D:4)
  9 wargs
  2 acid dragons
  23 nagas
  7 water moccasins
  2 small abominations (Gauntlet)
  10 orc warriors
  9 porcupines
  2 black bears
  A sky beast (D:12)
  3 ice beasts
  2 eyes of draining
  4 necrophages
  12 wolves
  16 ogres
  4 centaurs
  11 crocodiles
  A big kobold (D:11)
  11 bullfrogs
  A wyvern skeleton (D:13)
  3 scorpions
  A water moccasin skeleton (D:2)
  39 killer bees
  4 howler monkeys
  7 wights
  An electric eel (D:15)
  2 lava snakes (D:15)
  4 crimson imps
  4 centaur zombies
  12 jellies (Lair:6)
  3 centaur skeletons
  15 orc priests
  5 hounds
  25 orc wizards
  Crazy Yiuf (D:5)
  Natasha (thrice) (D:4)
  2 iguanas
  3 worker ants
  A hound skeleton (D:4)
  Robin (D:3)
  11 gnolls
  7 adders
  2 oozes
  An adder zombie (D:2)
  2 worms
  2 dart slugs (D:2)
  4 leopard geckos
  50 orcs
  A ball python (Lair:4)
  3 giant cockroaches
  13 hobgoblins
  18 jackals
  2 quokkas
  14 bats
  8 frilled lizards
  26 goblins
  13 kobolds
  3 rats
  2 fungi (Lair:2)
  A plant (Lair:4)
656 creatures vanquished.

Vanquished Creatures (others)
  An anaconda (Snake:4)
  12 fungi
  14 plants
27 creatures vanquished.

Grand Total: 992 creatures vanquished

Notes
Turn   | Place    | Note
-------+----------+-------------------------------------------
     0 | D:1      | Duffy the Deep Elf Summoner began the quest for the Orb.
     0 | D:1      | Reached XP level 1. HP: 10/10 MP: 6/6
   318 | D:1      | Reached XP level 2. HP: 15/15 MP: 4/8
   364 | D:1      | Learned a level 2 spell: Call Imp
   830 | D:1      | Found a sparkling altar of Nemelex Xobeh.
  1317 | D:2      | Reached XP level 3. HP: 19/19 MP: 1/10
  1330 | D:2      | Learned a level 3 spell: Call Canine Familiar
  1441 | D:2      | Reached skill level 5 in Summonings
  1544 | D:2      | Reached XP level 4. HP: 1/24 MP: 1/12
  1607 | D:2      | Learned a level 4 spell: Summon Lightning Spire
  2213 | D:2      | Found a faded altar of an unknown god.
  2256 | D:2      | Reached skill level 5 in Spellcasting
  2562 | D:3      | Reached skill level 1 in Air Magic
  2770 | D:3      | Reached XP level 5. HP: 28/28 MP: 9/14
  3091 | D:3      | Noticed Robin
  3170 | D:3      | Killed Robin
  3342 | D:3      | Learned a level 4 spell: Summon Ice Beast
  3504 | D:3      | Found a deep blue altar of Sif Muna.
  3510 | D:3      | Became a worshipper of Sif Muna the Loreminder
  3701 | D:4      | Noticed Natasha
  3707 | D:4      | Killed Natasha
  3747 | D:4      | Found a staircase to the Ecumenical Temple.
  3855 | D:4      | Noticed Natasha
  3861 | D:4      | Killed Natasha
  4037 | D:4      | Reached skill level 1 in Ice Magic
  4256 | D:4      | Noticed Menkaure
  4270 | D:4      | Killed Menkaure
  4270 | D:4      | Reached XP level 6. HP: 18/32 MP: 1/16
  4517 | D:4      | Got a dazzling trident
  4518 | D:4      | Identified the +9 trident "Uhing" {drain, rElec rC+} (You
                  | found it on level 4 of the Dungeon)
  4640 | D:4      | Reached * piety under Sif Muna
  4934 | D:4      | Noticed Natasha
  4944 | D:4      | Killed Natasha
  5030 | D:5      | Entered Level 5 of the Dungeon
  5044 | D:5      | Reached XP level 7. HP: 26/36 MP: 13/18
  5734 | D:5      | Noticed Eustachio
  5744 | D:5      | Killed Eustachio
  5985 | D:5      | Found a runed door.
  5989 | D:5      | Noticed Crazy Yiuf
  5993 | D:5      | Killed Crazy Yiuf
  6366 | D:6      | Reached skill level 1 in Fighting
  6505 | D:6      | Found a shattered altar of Ashenzari.
  6526 | D:6      | Reached XP level 8. HP: 43/43 MP: 16/21
  6597 | D:6      | Reached ** piety under Sif Muna
  7426 | D:7      | Reached skill level 5 in Dodging
  7662 | D:7      | Noticed Joseph
  7778 | D:7      | Killed Joseph
  7778 | D:7      | Reached XP level 9. HP: 41/51 MP: 5/23
  8764 | D:8      | Got a steaming dagger
  8870 | D:8      | Identified the +4 dagger of Deflation {venom, +Rage +Fly
                  | rPois rC-} (You found it on level 8 of the Dungeon)
  8948 | D:9      | Reached *** piety under Sif Muna
  9075 | D:9      | Found a staircase to the Lair.
  9086 | D:9      | Reached skill level 10 in Spellcasting
  9255 | D:9      | Reached skill level 5 in Fighting
  9285 | D:9      | Noticed a queen bee
  9300 | D:9      | Killed a queen bee
  9342 | D:9      | Found a staircase to the Orcish Mines.
  9354 | D:9      | Reached XP level 10. HP: 59/59 MP: 11/26
  9427 | D:9      | Reached **** piety under Sif Muna
  9760 | D:9      | Reached skill level 1 in Invocations
  9760 | D:9      | Reached skill level 1 in Evocations
  9790 | D:9      | Reached skill level 10 in Summonings
 10151 | D:9      | Reached skill level 2 in Evocations
 10402 | D:10     | Entered Level 10 of the Dungeon
 10989 | D:10     | Found Voukhiull's Assorted Antiques.
 10991 | D:10     | Got a crude quarterstaff
 11027 | D:10     | Reached skill level 3 in Evocations
 11033 | D:10     | Bought a scroll labeled ZANAUP QAGA for 24 gold pieces
 11033 | D:10     | Bought a red potion for 21 gold pieces
 11127 | D:10     | Bought a copper wand for 96 gold pieces
 11267 | D:10     | Bought a glowing robe for 88 gold pieces
 11348 | Lair:1   | Entered Level 1 of the Lair of Beasts
 11361 | Lair:1   | Noticed a seven-headed hydra
 11366 | Lair:1   | Killed a seven-headed hydra
 11527 | Lair:1   | Reached skill level 4 in Evocations
 11686 | Lair:1   | Noticed an eight-headed hydra
 11728 | Lair:1   | Killed an eight-headed hydra
 11921 | Lair:1   | Noticed a spiny frog
 11928 | Lair:1   | Killed a spiny frog
 11977 | Lair:1   | Identified the cursed +0 quarterstaff "Fearraap" {drain,
                  | rPois Str+3} (You found it on level 10 of the Dungeon)
 12084 | Lair:1   | Reached XP level 11. HP: 63/64 MP: 8/27
 12141 | Lair:1   | You fall through a shaft!
 12142 | Lair:2   | Found a staircase to the Swamp.
 12421 | Lair:1   | Got a crude leather armour
 12543 | Lair:1   | Identified the cursed +1 leather armour of Hovub {rElec}
                  | (You found it on level 1 of the Lair of Beasts)
 12843 | D:10     | Bought a leatherbound book for 360 gold pieces
 13374 | Lair:2   | Reached ***** piety under Sif Muna
 13380 | Lair:2   | Reached skill level 5 in Invocations
 13380 | Lair:2   | Reached skill level 5 in Evocations
 13538 | Lair:2   | Identified Sif Muna's Tome of the Blaze and the Mountains
                  | (Sif Muna gifted it to you on level 2 of the Lair of
                  | Beasts)
 13538 | Lair:2   | Received a gift from Sif Muna
 13557 | Lair:2   | Learned a level 5 spell: Borgnjor's Vile Clutch
 13839 | Lair:2   | Reached skill level 1 in Necromancy
 13839 | Lair:2   | Reached skill level 1 in Earth Magic
 15159 | Lair:3   | Reached skill level 6 in Evocations
 15909 | Lair:4   | Noticed a five-headed hydra
 15914 | Lair:4   | Killed a five-headed hydra
 16141 | Lair:4   | Noticed a catoblepas
 16163 | Lair:4   | Killed a catoblepas
 16236 | Lair:4   | Found a staircase to the Snake Pit.
 17051 | Lair:5   | Reached XP level 12. HP: 72/72 MP: 17/28
 17177 | Lair:5   | Reached skill level 5 in Necromancy
 17284 | Lair:5   | Found a transporter.
 17284 | Lair:5   | Found a transporter.
 17289 | Lair:5   | Noticed Baiput's ghost (journeyman GrFi)
 17731 | Lair:6   | Entered Level 6 of the Lair of Beasts
 17763 | Lair:6   | Found a staircase to the Slime Pits.
 17787 | Lair:6   | Found a gate leading to a gauntlet.
 17820 | Gauntlet | Entered a Gauntlet
 17820 | Gauntlet | Found a transporter.
 17891 | Gauntlet | Found a transporter.
 17897 | Gauntlet | Found a transporter.
 17898 | Gauntlet | Found a transporter.
 17905 | Gauntlet | Found a transporter.
 17905 | Gauntlet | Found a transporter.
 17906 | Gauntlet | Found a transporter.
 17907 | Gauntlet | Found a transporter.
 17975 | Gauntlet | Found a transporter.
 17976 | Gauntlet | Found a transporter.
 17977 | Gauntlet | Noticed a death ooze
 17980 | Gauntlet | Found a transporter.
 17991 | Gauntlet | Noticed a green death
 17992 | Gauntlet | Found a transporter.
 18428 | Gauntlet | Reached skill level 5 in Earth Magic
 18592 | Gauntlet | Killed a green death
 18648 | Gauntlet | Identified a +0 pair of boots of running (You found it in a
                  | Gauntlet)
 18660 | Gauntlet | Identified the +4 demon blade of Qazlal's Generosity
                  | {venom, Fragile rN++ MR+ Dex+3}
 18660 | Gauntlet | Identified the +4 shortbow "Zotij" {velocity, rF+ Str-5
                  | Dex+2}
 18660 | Gauntlet | Identified the +10 plate armour "Niehet" {Str+3}
 18660 | Gauntlet | Noticed a minotaur
 18697 | Gauntlet | Killed a minotaur
 19090 | Lair:6   | Identified Sif Muna's Incunabulum of Execration (Sif Muna
                  | gifted it to you on level 6 of the Lair of Beasts)
 19090 | Lair:6   | Received a gift from Sif Muna
 19259 | Lair:6   | Learned a level 5 spell: Summon Mana Viper
 19287 | Lair:6   | Reached skill level 1 in Hexes
 19574 | Lair:6   | Noticed a seven-headed hydra
 19587 | Lair:6   | Killed a seven-headed hydra
 19659 | Lair:6   | Reached skill level 5 in Hexes
 19968 | Lair:6   | Got a silken robe
 20047 | Lair:5   | Identified the +2 robe "Ahadid" {rF- rCorr Int+4 Dex+6}
                  | (You found it on level 6 of the Lair of Beasts)
 20072 | Lair:6   | Noticed Kirke
 20106 | Lair:6   | Killed Kirke
 20176 | Lair:6   | Reached XP level 13. HP: 65/79 MP: 2/29
 21212 | Lair:6   | Learned a level 2 spell: Passwall
 21214 | Lair:6   | Learned a level 1 spell: Apportation
 21378 | Orc:1    | Entered Level 1 of the Orcish Mines
 21731 | Orc:1    | Found Lakipinu's Book Shoppe.
 22022 | Orc:2    | Entered Level 2 of the Orcish Mines
 22022 | Orc:2    | Found a staircase to the Elven Halls.
 22037 | Orc:2    | Reached skill level 7 in Evocations
 22039 | Orc:2    | Reached skill level 10 in Invocations
 22224 | Orc:2    | Paralysed by an orc sorcerer for 2 turns
 22235 | Orc:2    | Identified Sif Muna's Disquisition on Lethal Weightlessness
                  | (Sif Muna gifted it to you on level 2 of the Orcish Mines)
 22235 | Orc:2    | Received a gift from Sif Muna
 22406 | Orc:2    | Reached skill level 1 in Translocations
 22431 | Orc:2    | Reached skill level 8 in Evocations
 22716 | Orc:2    | Reached skill level 9 in Evocations
 23329 | Orc:2    | Noticed Nessos
 23353 | Orc:2    | Killed Nessos
 23353 | Orc:2    | Reached skill level 10 in Fighting
 23365 | Orc:2    | Reached skill level 10 in Evocations
 23470 | Orc:2    | Found Zeboti's Magic Scroll Shop.
 23477 | Orc:2    | Found Ukluusch's Armour Boutique.
 23631 | Orc:2    | Found Eger's Gadget Emporium.
 23639 | Orc:2    | Found Etrig's Food Shop.
 24078 | Orc:2    | Bought a scroll of enchant armour for 90 gold pieces
 24078 | Orc:2    | Bought a scroll of identify for 24 gold pieces
 24078 | Orc:2    | Bought a scroll of identify for 24 gold pieces
 24078 | Orc:2    | Bought a scroll of identify for 24 gold pieces
 24125 | Orc:2    | Bought a wand of acid (6) for 320 gold pieces
 24302 | D:11     | Reached XP level 14. HP: 88/88 MP: 30/30
 24362 | D:11     | Found a flagged portal.
 24412 | Bailey   | Entered a bailey
 24463 | Bailey   | Reached skill level 11 in Evocations
 25446 | D:11     | Reached skill level 1 in Shields
 25927 | D:12     | Learned a level 3 spell: Regeneration
 26966 | D:13     | Reached skill level 12 in Evocations
 29208 | D:14     | Found a gate to the Vaults.
 29215 | D:14     | Reached skill level 13 in Evocations
 29569 | D:14     | Found Ifagasuz's Jewellery Shop.
 29807 | D:15     | Entered Level 15 of the Dungeon
 30581 | D:15     | Found a staircase to the Depths.
 30808 | D:15     | Found a glowing golden altar of the Shining One.
 31013 | D:15     | Reached skill level 10 in Dodging
 31887 | Orc:1    | Bought a Grand Grimoire for 1435 gold pieces
 31897 | Orc:1    | Learned a level 7 spell: Monstrous Menagerie
 31949 | Orc:2    | Bought a wand of iceblast (7) for 176 gold pieces
 31949 | Orc:2    | Bought a wand of acid (7) for 352 gold pieces
 31955 | Orc:2    | Bought a scroll of summoning for 114 gold pieces
 32108 | Snake:1  | Entered Level 1 of the Snake Pit
 32111 | Snake:1  | Found a glowing silver altar of Zin.
 32124 | Snake:1  | Noticed Asterion
 32183 | Snake:1  | Noticed a balrug
 32197 | Snake:1  | Killed Asterion
 32208 | Snake:1  | HP: 4/88 [poisoned by a naga (splash of poison)]
 32477 | Snake:1  | Identified Sif Muna's Catalogue of Creation and Unholy
                  | Magic (Sif Muna gifted it to you on level 1 of the Snake
                  | Pit)
 32477 | Snake:1  | Received a gift from Sif Muna
 32495 | Snake:1  | Noticed Frances
 32521 | Snake:1  | Reached skill level 14 in Evocations
 33290 | Snake:1  | Reached XP level 15. HP: 83/92 MP: 15/32
 33589 | Snake:1  | Found Vilypry's General Store.
 33603 | Snake:1  | Found Casius's Weapon Boutique.
 33603 | Snake:1  | Found Xiduyrgh's Magic Scroll Shop.
 33679 | Snake:1  | Found Zeirah's Gadget Shop.
 33688 | Snake:1  | Bought a scroll of blinking for 97 gold pieces
 33691 | Snake:1  | Bought a wand of iceblast (13) for 238 gold pieces
 33721 | Snake:1  | Found Laimakuf's Book Shop.
 34602 | Snake:2  | Noticed a nagaraja
 34613 | Snake:2  | Killed a nagaraja
 35083 | Snake:2  | Noticed a nagaraja
 35094 | Snake:2  | Killed a nagaraja
 35713 | Snake:3  | Identified Dahoph's Almanac of Gliding Snow (Sif Muna
                  | gifted it to you on level 3 of the Snake Pit)
 35713 | Snake:3  | Received a gift from Sif Muna
 35888 | Snake:2  | Learned a level 6 spell: Deflect Missiles
 35996 | Snake:3  | Noticed a nagaraja
 36004 | Snake:3  | Killed a nagaraja
 36004 | Snake:3  | Reached skill level 1 in Charms
 36912 | Snake:3  | HP: 1/92 [shock serpent/bolt of electricity (24)]
 38021 | Snake:4  | Entered Level 4 of the Snake Pit
 38044 | Snake:4  | Noticed a nagaraja
 38052 | Snake:4  | Killed a nagaraja
 38228 | Snake:4  | Quit the game

Vault maps used:
D:1:      lemuel_arrival_river_bridge, minivault_26,
          nemelex_diamond_rough_becter
D:2:      chequers_ecumenical_altar_island, first_ration, grunt_ministairs_9,
          minmay_small_reverse_x
D:3:      led_sif_pool, uniq_robin
D:4:      wander_river, minmay_temple_entry_stoned_glass, uniq_natasha,
          uniq_menkaure
D:5:      uniq_crazy_yiuf_cottage, uniq_eustachio
D:6:      ashenzari_conservatory_becter
D:7:      uniq_joseph
D:9:      erik_lair_orcish_takeover, orc_0_dummy, special_room, david_nohive_1
D:10:     serial_shops, shop, minmay_crystal_water, minmay_rotating_lava
D:11:     enter_bailey_3
D:12:     grunt_decor_fettered
D:13:     minmay_distorted_concentric_squares
D:14:     lightli_vaults_fourway_checkpoint, minivault_14, serial_shops, shop
D:15:     grunt_enter_depths_hoard, serial_park_tiny_pond, tso_metal_star
Lair:1:   small_statue_intersection
Lair:2:   minmay_swamp_entry_reptiles, special_room
Lair:3:   serial_bayou_lagoon_a
Lair:4:   minmay_snake_entry_six_corridors
Lair:5:   gammafunk_ghost_hive, serial_bayou_shore_b
Lair:6:   grunt_lair_end_beastmaster, minmay_slime_entry_jelly_boxes,
          gauntlet_entry_generic, grunt_forest_small_clearing_treed,
          minmay_lair_oklob_chamber, grunt_megastairs_1, uniq_kirke
Snake:1:  basic_altar, serial_shops, nicolae_shop_behind_doors,
          minmay_shoptagon, uniq_frances, uniq_asterion
Snake:2:  stair_cage_open, nrook_guardian_serpent_double, serial_bayou_shore_b
Snake:3:  grunt_ministairs_9, spider_trap, nicolae_snake_salamander_stairs
Snake:4:  johnstein_snake_rune_scales, serial_shops, nicolae_shop_behind_doors,
          nicolae_large_snake_swirl
Orc:1:    serial_shops, shop_fountains
Orc:2:    st_orc_open, mines5_lemuel, uniq_nessos
Bailey:   bailey_axe_1, bailey
Gauntlet: minmay_gauntlet_mixed_oops_all_seconds

Skill      XL: |  1  2  3  4  5  6  7  8  9 10 11 12 13 14 15 |
---------------+----------------------------------------------+-----
Spellcasting   | 4 5 6 7 8 10 11 12 | 12.0
Summonings     | 5 6 7 8 9 10 11 13 | 13.2
Air Magic      | 1 2 3 4 |  4.4
Ice Magic      | 1 2 3 |  3.0
Dodging        | 3 5 6 7 10 11 | 11.0
Fighting       | 1 3 5 6 7 8 10 | 10.4
Invocations    | 4 7 9 10 | 10.0
Evocations     | 4 6 10 14 | 14.2
Necromancy     | 4 7 8 |  8.0
Earth Magic    | 4 7 8 |  8.0
Hexes          | 5 |  5.0
Translocations | 3 |  3.1
Shields        | 4 |  4.0
Charms         | 4 |  4.3
Stealth        | |  2.4

Action                   |  1- 3 |  4- 6 |  7- 9 | 10-12 | 13-15 || total
-------------------------+-------+-------+-------+-------+-------++-------
Melee: Trident           |       |    15 |   189 |   331 |   505 ||  1040
 Cast: Summon Small Mamm |    47 |       |       |       |       ||    47
       Call Imp          |    14 |    21 |     3 |     3 |       ||    41
       Call Canine Famil |     3 |    24 |    29 |    31 |    30 ||   117
       Summon Lightning  |       |     6 |     8 |    14 |    13 ||    41
       Summon Ice Beast  |       |     1 |    21 |   162 |   222 ||   406
       Borgnjor's Vile C |       |       |       |    15 |    50 ||    65
       Summon Mana Viper |       |       |       |     2 |    57 ||    59
       Regeneration      |       |       |       |       |    22 ||    22
       Monstrous Menager |       |       |       |       |    77 ||    77
Invok: Divine Energy     |       |       |     1 |       |       ||     1
       Channel Magic     |       |       |       |     1 |     1 ||     2
Evoke: Staff of energy   |       |       |       |    10 |       ||    10
       Wand              |       |       |       |     8 |    32 ||    40
  Use: Scroll            |       |     7 |     8 |    16 |    12 ||    43
       Potion            |       |       |       |     2 |     3 ||     5
 Stab: Sleeping          |       |       |     6 |     8 |     2 ||    16
       Distracted        |       |       |     1 |     8 |    10 ||    19
       Paralysed         |       |       |       |       |     5 ||     5
  Eat: Chunk             |     2 |    13 |    15 |    23 |    33 ||    86
       Ration            |       |       |       |     4 |    11 ||    15
Armor: Robe              |     4 |     4 |       |       |   106 ||   114
       Animal skin       |       |    16 |    15 |       |       ||    31
       Ring mail         |       |       |    14 |    57 |       ||    71
       Acid dragon scale |       |       |       |    38 |    17 ||    55
       Leather armour    |       |       |       |    11 |       ||    11
       Skin              |       |       |       |     8 |       ||     8
Dodge: Dodged            |     9 |    60 |   106 |   306 |   592 ||  1073
Block: Buckler           |       |       |       |       |    69 ||    69

Table legend:
 A = Non-vault XP
 B = Vault XP
 C = Vault XP percentage of total XP
 D = Non-vault monster count
 E = Vault monster count
 F = Vault count percentage of total count
                 A         B        C        D         E       F
            +---------+---------+-------+---------+---------+-------
      Total |   88956 |   46242 |  34.2 |     700 |     261 |  27.2
            +---------+---------+-------+---------+---------+-------
        D:1 |      31 |       0 |   0.0 |      30 |       0 |   0.0
        D:2 |     104 |      11 |   9.6 |      35 |       5 |  12.5
        D:3 |      84 |      19 |  18.4 |      21 |      12 |  36.4
        D:4 |     321 |     101 |  23.9 |      24 |       2 |   7.7
        D:5 |     363 |     116 |  24.2 |      25 |       2 |   7.4
        D:6 |     707 |       0 |   0.0 |      25 |       0 |   0.0
        D:7 |     650 |     350 |  35.0 |      18 |       1 |   5.3
        D:8 |     623 |       0 |   0.0 |      16 |       0 |   0.0
        D:9 |    2422 |    2267 |  48.3 |      43 |      52 |  54.7
       D:10 |     781 |       0 |   0.0 |      21 |       0 |   0.0
       D:11 |    2722 |       4 |   0.1 |      34 |       4 |  10.5
       D:12 |    2676 |       0 |   0.0 |      21 |       0 |   0.0
       D:13 |    4000 |    2421 |  37.7 |      24 |       9 |  27.3
       D:14 |    5805 |    7826 |  57.4 |      32 |      14 |  30.4
       D:15 |    4625 |       0 |   0.0 |      27 |       0 |   0.0
     Lair:1 |    3194 |       0 |   0.0 |      21 |       0 |   0.0
     Lair:2 |    3176 |     376 |  10.6 |      27 |       4 |  12.9
     Lair:3 |    3687 |       0 |   0.0 |      23 |       0 |   0.0
     Lair:4 |    2373 |    1148 |  32.6 |      10 |      14 |  58.3
     Lair:5 |     888 |       0 |   0.0 |       6 |       0 |   0.0
     Lair:6 |    7770 |   11650 |  60.0 |      40 |      49 |  55.1
    Snake:1 |    9561 |    1367 |  12.5 |      26 |       1 |   3.7
    Snake:2 |    9721 |     591 |   5.7 |      30 |       2 |   6.2
    Snake:3 |   16146 |     744 |   4.4 |      52 |       3 |   5.5
    Snake:4 |    1843 |       0 |   0.0 |       3 |       0 |   0.0
      Orc:1 |    1772 |       0 |   0.0 |      20 |       0 |   0.0
      Orc:2 |    2911 |   13590 |  82.4 |      46 |      48 |  51.1
     Bailey |       0 |     832 | 100.0 |       0 |      32 | 100.0
   Gauntlet |       0 |    2829 | 100.0 |       0 |       7 | 100.0
            +---------+---------+-------+---------+---------+-------
